Map: Nightscape LE

Players

IIJIACTbIPb

  • Race: Terran Terran
  • League: Platinum
  • Spawn Location: 1:00

zvei

  • Race: Terran Terran
  • League: Diamond
  • Spawn Location: 1:00

qqq - Winner!

  • Race: Zerg Zerg
  • League: Platinum
  • Spawn Location: 7:00

Massa - Winner!

  • Race: Terran Terran
  • League: Platinum
  • Spawn Location: 7:00

VOD

Have the link to the VOD?

Description

Time

  • Played on: Nov. 28, 2020, 9:18 a.m.
  • Length: 26:01
Show
View Real Time Build Order
Export as new Build Order

IIJIACTbIPb Terran 

Build Orders:  

Get SALT Encoding   

  12  0:00  SCV  
  13  0:12  SCV  
  14  0:17  Supply Depot  
  14  0:24  SCV  
  14  0:28  Refinery  
  15  0:39  SCV  
  16  0:45  Barracks  
  16  0:51  SCV  
  17  1:03  SCV  
  18  1:15  SCV  
  19  1:27  SCV  
  20  1:42  Barracks Reactor  
  20  1:49  Command Center  
  20  1:50  Orbital Command  
  20  2:00  Supply Depot  
  20  2:14  Factory  
  20  2:15  Refinery  
  20  2:18  SCV  
  20  2:21  Marine x2  
  23  2:31  SCV  
  24  2:39  Marine x2  
  24  2:43  SCV  
  27  2:55  SCV  
  27  2:57  Marine x2  
  30  3:07  SCV  
  31  3:13  Starport  
  31  3:20  Orbital Command  
  31  3:21  SCV  
  31  3:25  Bunker, Supply Depot  
  32  3:33  SCV  
  33  3:38  Factory Tech Lab  
  33  3:40  Marine x2  
  35  3:51  SCV  
  35  3:52  SCV  
  37  3:58  Marine x2  
  37  4:02  Starport Tech Lab  
  39  4:03  Fusion Core  
  39  4:04  SCV, Cyclone  
  39  4:07  SCV  
  44  4:12  Supply Depot  
  44  4:16  SCV  
  45  4:20  Refinery  
  45  4:21  Refinery, SCV  
  46  4:28  SCV  
  47  4:33  SCV  
  47  4:36  Marine x2  
  50  4:40  SCV  
  50  4:45  SCV  
  52  4:53  Battlecruiser  
  58  5:01  SCV x2  
  58  5:04  Cyclone  
  63  5:15  Factory  
  63  5:19  SCV x2  
  63  5:20  Marine x2  
  67  5:31  SCV x2  
  69  5:36  Armory  
  69  5:38  Marine  
  69  5:39  Engineering Bay  
  69  5:41  Marine  
  69  5:42  Cyclone, Supply Depot  
  74  5:57  Mag-Field Accelerator  
  74  6:03  Factory Reactor  
  74  6:14  Cyclone  
  71  7:09  Hellion x2  
  71  7:15  SCV x2  
  77  7:21  Liberator  
  80  7:24  Terran Vehicle And Ship Armor Level 1  
  80  7:26  Command Center  
  80  7:27  SCV x2, Missile Turret  
  82  7:31  Hellion x2  
  82  7:36  Infernal Pre-Igniter  
  85  7:37  Factory  
  85  7:38  Factory  
  85  7:39  Factory  
  85  7:42  Factory  
  85  8:02  Hellion x2  
  85  8:04  Supply Depot  
  85  8:05  Supply Depot x2  
  86  8:23  Hellion x2  
  90  8:38  Liberator  
  93  8:44  Factory Tech Lab x2, Hellion x2  
  93  8:45  Factory Tech Lab x2  
  93  8:47  SCV x2  
  99  8:59  SCV x2  
  99  9:06  Hellion x2  
  100  9:18  Terran Vehicle Weapons Level 1  
  100  9:27  Hellion  
  102  9:37  Siege Tank x5  
  117  9:40  Command Center  
  117  10:05  Hellion x2  
  118  10:26  Hellion  
  118  10:27  Hellion  
  122  10:41  Thor x2  
  122  10:42  Thor  
  140  10:48  Hellion  
  142  10:51  Thor x2  
  142  10:52  Hellion  
  156  11:22  Terran Vehicle And Ship Armor Level 2  
  156  11:23  Supply Depot x2  
  156  11:25  Supply Depot  
  156  11:27  Supply Depot  
  156  11:38  Hellion  
  156  11:39  Hellion  
  141  11:58  Thor x4  
  141  11:59  Siege Tank  
  168  12:05  Missile Turret  
  168  12:37  Planetary Fortress  
  168  12:40  Refinery  
  92  13:14  Siege Tank x2  
  92  13:15  Siege Tank x3  
  101  13:21  Refinery  
  101  13:34  SCV x2  
  101  13:46  SCV x2  
  103  13:52  Siege Tank  
  103  13:53  Siege Tank x3  
  115  13:57  Battlecruiser  
  115  14:01  Terran Vehicle Weapons Level 2  
  121  14:06  Hi-Sec Auto Tracking, Armory  
  121  14:10  SCV x2  
  121  14:13  SCV  
  124  14:22  SCV  
  124  14:23  SCV  
  126  14:26  SCV, Hellion  
  126  14:27  Command Center  
  129  14:34  SCV  
  129  14:35  SCV  
  131  14:39  Hellion  
  131  14:40  Hellion x5  
  143  14:47  Hellion  
  145  15:01  Hellion x6  
  145  15:03  Neosteel Armor  
  157  15:08  Hellion  
  159  15:22  Hellion  
  145  16:21  SCV x3  
  145  16:25  Planetary Fortress  
  148  16:30  Missile Turret  
  132  17:19  Battlecruiser  
  132  17:21  Cyclone x2  
  132  17:22  Cyclone x3  
  153  17:24  Hellion x2  
  157  17:33  Refinery  
  157  17:45  Hellion  
  157  17:46  Hellion  
  143  17:54  Hellion x4  
  143  17:55  Hellion  
  144  18:07  Hellion x2  
  148  18:15  Hellion x2  
  91  19:33  Thor x5  
  98  19:55  Liberator  
  98  19:58  SCV  
  102  20:15  Terran Vehicle Weapons Level 3  
  102  20:16  Terran Vehicle And Ship Armor Level 3, Thor, Siege Tank x3  
  102  20:17  Siege Tank  
  102  20:19  Marine x2  
  122  20:30  Command Center  
  120  20:37  Marine x2  
  120  20:38  Liberator  
  125  20:48  Siege Tank x2  
  125  20:49  Siege Tank x2  
  119  20:54  Marine  
  119  20:55  Marine  
  115  20:59  Siege Tank  
  112  21:12  Marine  
  112  21:13  Marine  
  114  21:20  Liberator  
  89  22:03  Liberator  
  73  22:46  Liberator  
  73  23:04  Command Center  
  73  23:29  Liberator  
  57  24:12  Liberator  
  44  25:08  Orbital Command  
Show
View Real Time Build Order
Export as new Build Order

zvei Terran 

Build Orders:  

Get SALT Encoding   

  12  0:00  SCV  
  13  0:12  SCV  
  14  0:17  Supply Depot  
  14  0:24  SCV  
  14  0:27  Refinery  
  15  0:39  SCV  
  16  0:45  Barracks  
  16  0:51  SCV  
  16  0:54  Refinery  
  17  1:03  SCV  
  18  1:15  SCV  
  19  1:32  Reaper, Orbital Command  
  20  1:34  Factory  
  20  1:43  Supply Depot  
  20  1:58  SCV  
  21  2:04  Reaper  
  22  2:15  SCV  
  23  2:17  Hellion  
  25  2:29  Command Center  
  25  2:35  SCV  
  25  2:36  Reaper  
  27  2:39  Hellion  
  29  2:53  SCV  
  30  2:59  Starport  
  30  3:02  Factory Tech Lab  
  30  3:05  SCV  
  31  3:13  Barracks Tech Lab  
  24  3:44  Cyclone  
  24  3:46  SCV, Barracks  
  24  3:47  Orbital Command  
  28  3:49  Barracks Reactor  
  28  3:51  Raven  
  28  3:52  Supply Depot  
  30  3:59  SCV  
  31  4:11  SCV  
  31  4:13  SCV  
  36  4:17  Siege Tank  
  36  4:21  Refinery  
  36  4:23  SCV  
  37  4:24  Refinery  
  37  4:25  SCV  
  37  4:29  Marine x2  
  40  4:35  SCV  
  40  4:37  Barracks Reactor, SCV  
  42  4:46  Marine  
  42  4:47  Marine  
  42  4:49  SCV x2  
  46  5:01  SCV x2  
  46  5:04  Marine x2  
  50  5:13  Marine  
  50  5:14  Marine  
  51  5:15  Raven  
  51  5:20  Engineering Bay  
  54  5:22  Engineering Bay  
  54  5:25  Armory  
  54  5:30  Supply Depot  
  54  5:31  Supply Depot  
  54  5:32  Supply Depot  
  54  5:45  Barracks  
  54  5:51  SCV x2, Marine x2  
  58  6:03  SCV x2  
  60  6:06  Terran Infantry Armor Level 1, Terran Infantry Weapons Level 1  
  60  6:09  Missile Turret  
  60  6:16  SCV, Marine, Stimpack  
  60  6:17  Marine x2  
  60  6:18  Siege Tank  
  67  6:19  Medivac  
  67  6:21  SCV  
  70  6:28  SCV  
  70  6:31  Terran Vehicle And Ship Armor Level 1  
  71  6:33  SCV  
  71  6:34  Marine  
  71  6:35  Marine x2  
  75  6:40  SCV  
  76  6:52  Marine x2  
  78  6:54  Command Center  
  78  7:09  Missile Turret x2  
  78  7:10  Missile Turret  
  78  7:13  Barracks Reactor  
  78  7:21  Missile Turret  
  78  7:22  Missile Turret  
  78  7:30  SCV  
  78  8:05  Marine x3, Medivac x2  
  78  8:06  Barracks Reactor, SCV x2, Siege Tank  
  78  8:07  Supply Depot  
  78  8:09  Supply Depot  
  90  8:18  SCV  
  88  8:23  Marine  
  88  8:30  SCV  
  88  8:31  SCV  
  88  8:33  Terran Vehicle And Ship Armor Level 2  
  90  8:34  Terran Infantry Armor Level 2, Terran Infantry Weapons Level 2  
  90  8:35  Viking x2  
  90  8:38  Siege Tank  
  97  8:43  SCV x2  
  97  8:46  Combat Shield  
  97  8:47  Marine  
  97  8:48  Marine x4  
  104  8:59  Missile Turret x3  
  104  9:05  Marine  
  104  9:06  Marine x4  
  108  9:23  Marine  
  109  9:33  Marine x3  
  109  9:34  Marine  
  108  9:41  Marine  
  109  10:01  Supply Depot  
  109  10:02  Supply Depot  
  109  10:04  Command Center  
  109  10:05  Supply Depot  
  109  10:15  Orbital Command  
  109  10:22  Marine x5  
  109  10:23  SCV x2  
  109  10:26  Sensor Tower  
  116  10:30  Siege Tank  
  116  10:35  SCV x2  
  121  10:40  Factory  
  121  10:41  Factory  
  121  10:47  SCV x2  
  123  10:50  Viking x2  
  123  10:51  Refinery  
  123  10:54  Refinery  
  127  10:59  SCV x2  
  132  11:11  Siege Tank  
  132  11:41  Sensor Tower  
  132  11:42  Missile Turret  
  132  11:43  Siege Tank  
  133  12:12  Factory Tech Lab x2  
  133  12:15  SCV x2, Siege Tank  
  130  13:37  Marine  
  130  13:38  Marine x4  
  135  13:49  Planetary Fortress  
  135  13:55  Marine x3  
  136  13:56  Marine x2  
  136  13:58  SCV x3  
  136  14:02  Supply Depot x2  
  143  14:03  Supply Depot  
  143  14:10  SCV x2  
  143  14:13  Marine x2  
  143  14:14  Missile Turret  
  143  14:15  Missile Turret x2  
  143  14:16  Missile Turret  
  147  14:17  Missile Turret  
  147  14:19  Missile Turret  
  147  14:26  Sensor Tower  
  147  14:38  Marine  
  147  14:39  Marine x4  
  152  14:56  Marine  
  152  14:57  Marine x2  
  155  15:00  Barracks  
  155  15:01  Barracks  
  155  15:02  Barracks  
  155  15:04  Barracks  
  155  15:07  Viking  
  155  15:08  Viking  
  155  15:13  Starport  
  155  15:14  Terran Vehicle And Ship Armor Level 3, Starport, Terran Infantry Armor Level 3, Terran Infantry Weapons Level 3  
  159  15:37  Viking  
  159  15:39  Siege Tank x2  
  159  15:40  Siege Tank  
  159  15:41  Viking  
  172  15:45  Supply Depot  
  172  15:46  Supply Depot  
  172  15:47  Supply Depot  
  172  15:50  Supply Depot  
  172  16:10  Armory  
  172  16:11  Siege Tank x2  
  172  16:12  Siege Tank  
  172  16:18  Starport Reactor x2  
  181  16:19  Viking x2  
  185  16:29  Refinery x2  
  185  16:49  Viking x2  
  182  17:23  Viking x6  
  194  17:53  Viking  
  194  17:55  Viking  
  194  17:57  Viking x2  
  195  17:59  Viking x2  
  140  18:10  Marauder, Marine  
  140  18:11  Marine x3  
  96  18:13  Barracks Reactor  
  96  18:14  Barracks Reactor, Barracks Tech Lab x2  
  88  18:23  Viking  
  88  18:25  Viking  
  88  18:27  Viking x2  
  88  18:28  Marine x4  
  88  18:29  Viking x2  
  88  18:30  Siege Tank  
  88  18:31  Siege Tank x2  
  88  18:32  Marauder  
  111  18:46  Marine  
  107  18:53  Marauder, Viking  
  107  18:55  Viking  
  109  19:03  Siege Tank x3  
  118  19:14  Marauder  
  117  19:26  Marine x8  
  117  19:27  Marauder x2  
  129  19:35  Siege Tank x2  
  129  19:36  Marauder, Command Center  
  137  19:38  Command Center  
  137  19:43  Marine  
  137  19:44  Marine x7  
  145  19:48  Marauder  
  145  19:49  Marauder  
  149  19:57  Marine  
  150  20:01  Marine  
  150  20:02  Marine x7  
  150  20:05  Medivac x4  
  166  20:09  Marine  
  167  20:17  Terran Ship Weapons Level 1  
  167  20:18  Terran Vehicle Weapons Level 1  
  152  20:40  Marine  
  152  20:41  Marauder x3, Marine x4  
  119  21:02  Marauder  
  108  21:26  Marine  
  108  21:27  Marine x8  
  114  21:39  Siege Tank x2  
  120  21:44  Marine  
  120  21:45  Marine x8  
  128  22:02  Marine x4  
  128  22:03  Marine x3  
  100  23:03  Liberator  
  44  24:03  Viking x2  
  39  24:30  Marine x3  
  39  24:31  Marine x4  
  46  24:48  Marine x7  
  53  25:06  Marine x7  
  57  25:23  Marine  
  57  25:24  Marine x6  
  57  25:41  Marine  
  57  25:42  Marine  
Show
View Real Time Build Order
Export as new Build Order

qqq Zerg - Winner!

Build Orders: Hatch First, Lurkers, Roach Hydra 

Get SALT Encoding   

  12  0:01  Drone  
  13  0:09  Drone  
  14  0:29  Overlord  
  14  0:46  Hatchery  
  13  0:58  Drone x2  
  13  1:00  Drone  
  16  1:12  Drone  
  17  1:33  Extractor, Spawning Pool  
  17  1:35  Drone x2  
  17  1:43  Drone  
  18  1:53  Drone  
  19  1:59  Drone  
  20  2:04  Drone  
  21  2:11  Extractor  
  20  2:15  Overlord  
  20  2:20  Queen  
  20  2:21  Queen  
  24  2:23  Drone  
  24  2:24  Drone  
  26  2:32  Roach Warren  
  26  2:35  Drone  
  27  2:37  Drone  
  27  2:49  Drone x2  
  29  2:56  Lair  
  29  3:01  Drone  
  29  3:02  Drone  
  29  3:03  Extractor, Drone  
  31  3:08  Drone  
  31  3:09  Drone  
  29  3:29  Drone  
  29  3:30  Drone  
  29  3:32  Queen  
  33  3:34  Roach  
  33  3:35  Overlord  
  33  3:40  Drone  
  36  3:50  Overlord x2  
  36  4:01  Hatchery  
  35  4:04  Glial Reconstitution  
  35  4:08  Roach  
  37  4:10  Drone  
  37  4:14  Drone  
  37  4:16  Drone  
  40  4:22  Drone  
  40  4:24  Roach  
  43  4:35  Hydralisk Den  
  43  4:37  Drone x2  
  43  4:38  Drone, Evolution Chamber  
  43  4:40  Drone  
  45  4:52  Roach x3  
  51  4:53  Drone  
  51  4:54  Drone  
  51  4:57  Drone  
  51  4:59  Drone  
  55  5:13  Overlord x2  
  55  5:16  Muscular Augments  
  55  5:22  Hydralisk  
  55  5:24  Drone  
  55  5:25  Drone, Lurker Den  
  58  5:31  Zerg Missile Weapons Level 1  
  58  5:32  Drone  
  59  5:37  Drone  
  59  5:38  Drone x5  
  65  5:50  Drone x2  
  65  5:53  Roach  
  65  5:55  Roach  
  71  5:58  Hydralisk  
  71  6:02  Hatchery  
  72  6:09  Evolution Chamber  
  69  6:13  Spore Crawler x2  
  69  6:14  Spore Crawler  
  69  6:16  Spore Crawler  
  69  6:18  Hydralisk  
  62  6:21  Spore Crawler  
  62  6:22  Spore Crawler  
  62  6:25  Hydralisk  
  59  6:26  Hydralisk  
  61  6:35  Grooved Spines  
  57  6:45  Spore Crawler  
  56  6:47  Drone, Spore Crawler  
  56  6:57  Drone x3  
  56  6:58  Drone  
  60  7:09  Hydralisk x2  
  60  7:12  Drone x2  
  60  7:13  Drone  
  67  7:17  Drone  
  68  7:29  Drone x4  
  72  7:37  Lurker x2  
  72  7:39  Hydralisk  
  72  7:41  Drone  
  72  7:42  Drone x3  
  80  7:44  Overlord x2  
  80  7:45  Extractor x2  
  78  7:56  Drone x2  
  78  7:57  Infestation Pit  
  51  8:28  Hydralisk x3  
  51  8:30  Drone x7  
  51  8:31  Drone x2  
  66  8:43  Extractor x2  
  65  8:48  Drone x3  
  65  8:51  Extractor x2  
  63  9:03  Hydralisk x2  
  63  9:06  Roach x4  
  63  9:07  Drone x4  
  63  9:09  Drone x2  
  81  9:10  Lurker  
  81  9:12  Lurker  
  82  9:18  Drone x3  
  81  9:24  Zergling x2  
  81  9:25  Zergling x4  
  81  9:26  Metabolic Boost  
  83  9:51  Zergling x10  
  88  9:56  Hive  
  88  9:58  Zerg Melee Weapons Level 1, Zerg Ground Armor Level 1  
  88  10:07  Hatchery  
  87  10:12  Hydralisk  
  89  10:17  Drone  
  89  10:19  Overlord x3  
  89  10:20  Overlord x5  
  90  10:24  Hatchery  
  86  10:50  Lurker x4  
  86  10:51  Hydralisk x5  
  86  10:52  Hydralisk  
  86  10:54  Drone x2  
  104  10:57  Queen  
  106  11:24  Hydralisk  
  106  11:25  Hydralisk x5  
  110  11:27  Drone x3  
  110  11:32  Lurker x4  
  125  11:35  Queen  
  120  11:44  Seismic Spines  
  114  11:56  Hydralisk  
  114  11:57  Hydralisk x3  
  114  12:00  Drone, Zergling x4  
  114  12:01  Drone x5  
  129  12:02  Queen  
  132  12:26  Ultralisk Cavern, Zerg Melee Weapons Level 2  
  132  12:28  Zerg Ground Armor Level 2  
  131  12:31  Drone x3  
  131  12:32  Drone  
  137  12:50  Extractor  
  87  13:07  Lurker  
  87  13:08  Lurker  
  87  13:11  Hydralisk x3  
  87  13:12  Zergling x6  
  98  13:13  Zergling x6  
  98  13:24  Hydralisk x3  
  103  13:48  Hatchery  
  102  13:56  Queen  
  102  13:57  Drone  
  102  13:58  Drone  
  102  13:59  Hatchery, Ultralisk  
  102  14:02  Hatchery, Spine Crawler, Anabolic Synthesis  
  110  14:04  Spine Crawler x2  
  110  14:05  Spine Crawler  
  110  14:06  Spine Crawler  
  105  14:22  Spine Crawler  
  104  14:25  Spine Crawler  
  104  14:29  Ultralisk x2  
  104  14:30  Hydralisk x5  
  104  14:31  Hydralisk  
  125  14:32  Queen  
  125  14:34  Spine Crawler  
  128  14:41  Zerg Missile Weapons Level 2  
  128  14:45  Chitinous Plating  
  128  14:47  Zerg Ground Armor Level 3, Baneling Nest  
  127  14:54  Zergling x4  
  127  14:56  Overlord x5  
  129  15:12  Drone  
  129  15:13  Drone x2, Queen  
  134  15:16  Hydralisk x4, Ultralisk  
  148  15:26  Lurker x2  
  146  15:43  Spore Crawler  
  146  15:49  Queen  
  147  15:55  Spore Crawler  
  147  15:56  Drone x2  
  148  15:57  Drone x7  
  148  16:01  Spore Crawler  
  152  16:15  Spore Crawler  
  147  16:21  Ultralisk x3  
  147  16:22  Zergling x12  
  171  16:46  Ultralisk x3  
  189  16:47  Drone  
  189  16:48  Drone x6  
  195  16:57  Zerg Melee Weapons Level 3  
  164  17:19  Spine Crawler  
  164  17:20  Spine Crawler  
  164  17:21  Spine Crawler, Spore Crawler  
  164  17:22  Queen  
  160  17:24  Drone x6  
  160  17:25  Drone x2  
  170  17:35  Lurker x3  
  170  17:36  Lurker x4  
  177  17:39  Drone  
  177  17:40  Drone  
  179  17:44  Extractor  
  179  17:45  Extractor  
  177  17:58  Queen  
  174  18:05  Extractor x2  
  120  18:24  Ultralisk x4  
  120  18:25  Zergling x10  
  136  18:45  Spore Crawler  
  136  18:47  Hydralisk, Spore Crawler  
  136  18:48  Hydralisk x5  
  136  18:50  Drone x5  
  136  18:51  Drone x4  
  153  18:59  Spore Crawler  
  144  19:27  Drone x3, Extractor, Spore Crawler  
  142  19:46  Drone x4  
  142  19:47  Drone x4  
  142  19:49  Ultralisk x2  
  142  19:50  Hydralisk x6  
  170  20:10  Drone x6  
  170  20:12  Extractor  
  166  20:29  Spine Crawler  
  166  20:31  Spine Crawler, Queen  
  164  21:01  Lurker x4  
  164  21:02  Drone x3  
  164  21:03  Drone x6  
  174  21:11  Ultralisk x3  
  192  21:13  Zerg Missile Weapons Level 3  
  192  21:15  Adrenal Glands  
  192  21:16  Centrifical Hooks  
  192  21:19  Zergling x12  
  192  21:20  Drone  
  192  21:21  Drone  
  198  21:56  Zergling x4  
  156  22:16  Ultralisk  
  156  22:17  Ultralisk x6  
  156  22:18  Zergling x10  
  179  22:28  Hydralisk x3, Ultralisk  
  192  22:30  Drone x6  
  197  22:43  Drone x2  
  199  23:01  Spine Crawler  
  199  23:02  Spine Crawler, Spore Crawler x2, Overseer  
  199  23:04  Spine Crawler  
  194  23:07  Ultralisk  
  200  23:13  Baneling x2  
  200  23:14  Baneling x12  
  200  23:16  Adaptive Talons  
  200  23:19  Pneumatized Carapace  
  194  23:39  Ultralisk x2  
  173  24:00  Hydralisk x5  
  173  24:01  Hydralisk x3  
  173  24:02  Ultralisk x4  
  193  24:04  Zergling x12  
  193  24:15  Hydralisk x3  
  184  24:44  Hatchery  
  182  24:47  Hydralisk x2, Ultralisk x2  
  182  24:48  Hydralisk  
  182  24:49  Zergling x2  
  196  25:13  Overlord  
  196  25:14  Overlord x3  
  196  25:21  Baneling x5  
  195  25:22  Baneling x6  
Show
View Real Time Build Order
Export as new Build Order

Massa Terran - Winner!

Build Orders: Reaper Expand 

Get SALT Encoding   

  12  0:00  SCV  
  13  0:12  SCV  
  14  0:22  Supply Depot  
  14  0:24  SCV  
  15  0:43  Refinery  
  15  0:44  SCV  
  15  0:46  Barracks  
  16  0:56  SCV  
  17  1:08  SCV  
  18  1:20  SCV  
  19  1:33  Reaper  
  19  1:38  Orbital Command  
  20  1:41  Command Center  
  20  2:05  Marine  
  21  2:09  Supply Depot  
  21  2:12  Factory  
  21  2:16  SCV  
  22  2:28  SCV  
  23  2:43  SCV  
  24  2:45  Command Center  
  24  2:50  Barracks Reactor  
  24  2:54  Orbital Command  
  24  2:55  SCV  
  25  3:02  Widow Mine  
  27  3:07  SCV  
  27  3:24  Widow Mine  
  29  3:27  Marine x2  
  29  3:34  SCV x2  
  33  3:44  Starport  
  33  3:46  SCV x2  
  33  3:47  Engineering Bay  
  35  3:49  Factory Tech Lab  
  35  3:52  Marine  
  35  3:53  Marine  
  37  3:58  SCV x2  
  39  4:07  Refinery  
  39  4:10  SCV x2  
  39  4:16  Siege Tank  
  39  4:17  Marine x2  
  44  4:22  SCV x2  
  44  4:23  Orbital Command  
  48  4:33  Supply Depot  
  48  4:34  SCV x2, Marine x2  
  48  4:35  Missile Turret  
  48  4:37  Missile Turret  
  52  4:46  SCV, Terran Infantry Weapons Level 1  
  52  4:52  Marine x2  
  54  4:56  Widow Mine  
  54  4:59  Refinery, SCV x2  
  59  5:00  SCV  
  60  5:10  Marine x2  
  60  5:11  SCV  
  60  5:12  SCV  
  64  5:14  SCV  
  65  5:23  SCV  
  65  5:24  SCV  
  65  5:25  Supply Depot  
  65  5:26  SCV  
  68  5:29  Supply Depot  
  68  5:32  Supply Depot  
  68  5:34  Armory  
  68  5:35  SCV  
  69  5:46  Marine x2  
  69  5:47  SCV, Siege Tank  
  75  5:52  Barracks  
  75  5:57  Barracks  
  75  5:58  Barracks  
  75  6:00  Barracks  
  75  6:04  Marine x2  
  75  6:08  Medivac  
  79  6:20  Cyclone  
  79  6:22  Marine  
  83  6:27  Missile Turret  
  83  6:28  SCV x3  
  83  6:32  Marine  
  87  6:40  SCV x3, Marine  
  91  6:50  Marine  
  83  7:10  Marine  
  83  7:12  Barracks Reactor, Barracks Tech Lab  
  83  7:13  Barracks Tech Lab, Marine  
  86  7:17  Barracks Tech Lab  
  85  7:28  Marine  
  86  7:31  Marine  
  84  7:41  SCV x3  
  84  7:42  Refinery  
  84  7:44  Refinery  
  87  7:45  Missile Turret  
  87  7:46  Marauder x2  
  87  7:47  Marauder, Marine x2  
  87  7:49  Marine  
  93  7:54  Stimpack, Combat Shield  
  93  7:55  Concussive Shells  
  93  7:59  Terran Infantry Armor Level 1  
  93  8:00  Engineering Bay  
  93  8:06  Missile Turret  
  93  8:09  Command Center  
  93  8:12  Refinery  
  93  8:15  Factory, Command Center  
  93  8:18  Supply Depot  
  93  8:19  Supply Depot, Terran Vehicle Weapons Level 1  
  93  8:20  Supply Depot  
  93  8:21  Supply Depot  
  93  8:23  Supply Depot x2  
  93  8:26  Supply Depot  
  93  8:27  Starport Reactor  
  93  8:36  Sensor Tower  
  93  8:40  Marauder x3, Marine x4  
  103  8:41  Supply Depot  
  103  8:47  Thor  
  109  8:51  Supply Depot  
  109  8:57  Marine x2  
  109  8:58  Marine x2  
  109  9:02  Marauder x3  
  117  9:15  Marine  
  117  9:16  Marine  
  119  9:22  Medivac x2  
  119  9:23  Marauder x3  
  119  9:24  Marine x2  
  129  9:27  Factory Tech Lab  
  129  9:30  Siege Tank  
  134  9:33  Marine  
  134  9:34  Marine  
  136  9:42  Marine  
  136  9:44  Marauder x3  
  143  9:52  Siege Tank  
  146  10:02  Siege Tank  
  146  10:06  Marauder x2  
  153  10:10  SCV  
  153  10:11  SCV  
  155  10:18  SCV  
  156  10:22  SCV  
  156  10:23  SCV  
  156  10:24  Siege Tank  
  156  10:27  Viking x2  
  165  10:31  SCV  
  165  10:34  Siege Tank  
  165  10:35  SCV x2  
  171  10:56  Siege Tank  
  174  10:57  Viking x2  
  178  11:07  Siege Tank  
  181  11:11  Command Center  
  181  11:13  Planetary Fortress, Command Center  
  181  11:19  SCV x2  
  181  11:20  SCV  
  181  11:23  Terran Infantry Armor Level 2, Terran Infantry Weapons Level 2  
  181  11:25  Terran Vehicle And Ship Armor Level 1  
  184  11:30  Armory  
  184  11:31  SCV x2  
  184  11:32  SCV  
  187  11:43  SCV  
  187  11:44  SCV x2  
  190  11:55  SCV  
  191  12:09  Missile Turret  
  191  12:11  Viking x2, Missile Turret x2  
  191  12:13  Missile Turret  
  195  12:16  Missile Turret  
  195  12:18  Missile Turret  
  188  12:41  Viking x2  
  192  12:46  Refinery  
  192  12:47  Refinery  
  164  13:11  Viking  
  151  13:17  Siege Tank x2  
  157  13:33  Terran Vehicle And Ship Armor Level 2, Terran Vehicle Weapons Level 2  
  157  13:42  Command Center  
  157  13:49  Siege Tank x2  
  157  13:51  Marauder x2  
  157  13:52  Marauder, Marine x2  
  157  13:53  Marine  
  172  13:59  Orbital Command  
  172  14:02  Smart Servos  
  172  14:05  Barracks  
  172  14:08  Missile Turret  
  172  14:09  Barracks  
  172  14:11  Drilling Claws  
  172  14:12  Barracks  
  172  14:13  Marauder x3  
  172  14:14  Terran Infantry Weapons Level 3  
  172  14:17  Terran Infantry Armor Level 3  
  178  14:19  Marine x2  
  178  14:20  Marine x2  
  178  14:21  Siege Tank x2  
  178  14:22  Medivac x2  
  192  14:29  Planetary Fortress, Missile Turret  
  192  14:34  Marauder x3  
  192  14:37  Marine  
  199  14:54  Planetary Fortress  
  199  15:02  Supply Depot  
  199  15:05  Missile Turret, Supply Depot  
  199  15:06  Missile Turret  
  199  15:07  Missile Turret  
  199  15:09  Missile Turret  
  199  15:23  Planetary Fortress  
  199  15:26  Supply Depot  
  199  15:29  Supply Depot  
  199  15:49  Terran Vehicle Weapons Level 3, Supply Depot  
  199  15:50  Terran Vehicle And Ship Armor Level 3  
  199  15:56  Starport  
  199  15:58  Barracks Reactor, Barracks Tech Lab x2  
  197  16:56  Missile Turret  
  197  16:57  Missile Turret  
  197  17:08  Starport Tech Lab  
  197  17:10  Hi-Sec Auto Tracking, Neosteel Armor  
  197  17:18  Missile Turret  
  197  17:20  Sensor Tower  
  197  17:22  Refinery  
  197  17:25  Refinery  
  197  17:26  Sensor Tower  
  196  17:30  Siege Tank  
  175  18:00  Refinery  
  152  18:12  Siege Tank x2  
  154  18:14  Marauder x4, Marine x3  
  154  18:15  Marauder  
  134  18:26  Marine  
  125  18:27  Marine x2  
  125  18:31  Marine  
  128  18:35  Marauder x4  
  128  18:36  Marauder  
  136  18:44  Siege Tank  
  136  18:45  Siege Tank  
  140  18:56  Marauder  
  140  19:04  Marauder x4  
  140  19:06  Marine  
  140  19:07  Marine x5  
  154  19:17  Siege Tank x2  
  143  19:18  Marauder  
  143  19:22  Medivac x2  
  148  19:24  Marine  
  148  19:25  Raven, Marauder x4, Marine x5  
  162  19:39  Marauder  
  164  19:46  Marauder x2  
  164  19:47  Marauder x2  
  164  19:49  Siege Tank x2  
  164  19:52  Medivac  
  180  20:01  Marauder  
  182  20:08  Marauder x4  
  190  20:21  Siege Tank  
  193  20:22  Marauder  
  195  20:29  Marauder x2  
  189  20:47  Marauder  
  189  20:48  Marauder x2, Marine x3  
  187  20:50  Marauder  
  187  20:51  Marauder  
  170  21:07  Thor x2  
  170  21:09  Marauder x3  
  184  21:12  Marauder x2  
  156  21:20  Viking x3  
  160  21:29  Marine x3  
  160  21:30  Marauder x3, Marine  
  170  21:33  Marauder x2  
  171  21:49  Marine  
  171  21:50  Siege Tank x2  
  171  21:51  Marauder  
  171  21:52  Marauder x2  
  184  21:55  Marauder x2  
  188  22:05  Marine  
  188  22:06  Marine x4  
  188  22:07  Marine  
  194  22:08  Viking  
  194  22:13  Marauder x2  
  200  22:33  Refinery  
  167  23:04  Thor x2  
  175  23:07  Marauder x3, Marine x4  
  175  23:08  Marauder, Marine  
  188  23:25  Viking x3  
  194  23:47  Thor  
  200  23:50  Missile Turret  
  200  24:12  Missile Turret  
  200  24:34  Missile Turret  
  195  24:55  Missile Turret  
  195  25:06  Command Center  
  195  25:09  Raven  
  195  25:10  Medivac  
Tags
 
Add a new tag
Caveats
  • Supply blocks, unpowered buildings, or Contaminate may cause inaccurate times.
  • Supply counts are checked every 10 seconds.